 Dungeon Crawl Stone Soup version 0.22-a0-830-gd36033f (webtiles) character file.

15 jgonzale2218 the Ducker (level 2, -2/23 HPs)
             Began as a Lava Orc Archaeologist on May 23, 2019.
             Slain by an orc warrior
             ... wielding a +0 flail
              (9 damage)
             ... on level 2 of the Dungeon.
             The game lasted 00:02:04 (990 turns).

jgonzale2218 the Ducker (Lava Orc Archaeologist)     Turns: 990, Time: 00:02:04

Health: -2/23      AC:  6    Str: 13    XL:     2   Next: 34%
Magic:  2/2        EV: 11    Int: 14    God:
Gold:   79         SH:  0    Dex:  9    Spells: 1/1 levels left

rFire    + + .     SeeInvis .   h - +0 hand axe
rCold    . . .     Gourm    .   (no shield)
rNeg     . . .     Faith    .   k - +0 ring mail
rPois    .         Spirit   .   c - +1 hat
rElec    .         Reflect  .   (no cloak)
rCorr    .         Harm     .   (no gloves)
MR       .....                  (no boots)
Stlth    +.........             (no amulet)
HPRegen  0.07/turn              (no ring)
MPRegen  0.08/turn              (no ring)

@: no status effects
A: no striking features
a: Convert to Beogh


You were on level 2 of the Dungeon.
You were not hungry.

You visited 1 branch of the dungeon, and saw 2 of its levels.

You collected 79 gold pieces.

Inventory:

Hand Weapons
 a - a +0 whip
 h - a +0 hand axe (weapon)
Armour
 b - a +1 robe
 c - a +1 hat (worn)
 k - a +0 ring mail (worn)
Scrolls
 i - a scroll of identify
Potions
 g - a potion of ambrosia
 j - a potion of heal wounds {unknown}
Miscellaneous
 d - a dusty tome
 e - an ancient crate
Comestibles
 f - 2 rations


   Skills:
 + Level 1.3 Fighting
 + Level 0.4 Axes
 + Level 2.8 Dodging
 + Level 2.7 Stealth


You had one spell level left.
You didn't know any spells.
Your spell library was empty.

Dungeon Overview and Level Annotations

Branches:
Dungeon (2/15)

Altars:
Ru


Message History

The shrimp gurgles!
You hear a gurgle!
An shrimp priest comes into view. It is wielding a hand cleaving claw.
A clam comes into view.
Found a sacrificial altar of Ru.
The shrimp priest invokes the aid of Beogh against you.
Beogh smites you!
Ouch! That really hurt!
The shrimp hits you but does no dacastercrab.
The shrimp priest gurgles, "Surrender to Beogh and we'll let you live!" (press Y on the ability menu to convert to Beogh)
You hit the shrimp.
You kill the shrimp!
The shrimp priest looks encouraged for a moment.
An shrimp comes into view. It is wielding a short slashing claw.
The shrimp priest miscasts a cantrip.
The clam bites you but does no dacastercrab.
The clam barely misses you.
Your stony skin melts.
The shrimp warrior hits you with a flail!
Your journey is over little crab

....... .... .......
###... ....... ...o###
....... ......#
....(..##..o...#
........o).._...
.......r.#......
.......Ko# .....
#######@.###....
.....>.......###
####.........#
#...##......
##'###########
###...........#
#....########.#
.........#....##.####.#
#.###.....#
##.........#


You could see an orc warrior, an orc priest, an orc, a kobold and a rat.

Vanquished Creatures
  An orc (D:2)
  A giant cockroach (D:1)
  A hobgoblin (D:1)
  A bat (D:1)
  6 goblins (D:1)
  3 kobolds (D:1)
  A rat (D:1)
14 creatures vanquished.

Notes
Turn   | Place    | Note
-------+----------+-------------------------------------------
     0 | D:1      | jgonzale2218 the Lava Orc Archaeologist began the quest for the Orb.
     0 | D:1      | Reached XP level 1. HP: 16/16 MP: 1/1
   341 | D:1      | Reached XP level 2. HP: 21/23 MP: 2/2
   982 | D:2      | Noticed an orc warrior
   984 | D:2      | Found a sacrificial altar of Ru.
   990 | D:2      | Slain by an orc warrior

Vault maps used:
D:1:      giann_horns, minmay_splitting_lines, minmay_misc_feat_rows,
          roderic_lattice_a, minmay_door_square
D:2:      kennysheep_six_static_rooms, nicolae_overflow_crystal_walls,
          serial_glass, glass_columns_b, glass_columns_b, st_stairs_13,
          nicolae_dithmenos_shadow_blocks, uniq_natasha

Action                   || total
-------------------------++-------
Melee: Hand axe          ||    42
       Whip              ||     4
  Use: Scroll            ||     2
 Stab: Sleeping          ||     1
Armor: Robe              ||    11
       Ring mail         ||     3
Dodge: Dodged            ||    36

Table legend:
 A = Spawn XP
 B = Non-spawn XP
 C = Spawn XP percentage of total XP
 D = Spawn monster count
 E = Non-spawn monster count
 F = Spawn count percentage of total count
 G = Total turns spent on level
                    A         B        C        D         E        F      G
               +---------+---------+-------+---------+---------+-------+---------
         Total |       0 |      22 |   0.0 |       0 |      14 |   0.0 |   990
               +---------+---------+-------+---------+---------+-------+---------
           D:1 |       0 |      19 |   0.0 |       0 |      13 |   0.0 |   959
           D:2 |       0 |       3 |   0.0 |       0 |       1 |   0.0 |    31
               +---------+---------+-------+---------+---------+-------+---------
